 Dungeon Crawl Stone Soup version 0.29-a0-878-g7b45a56547 (webtiles) character file.

Game seed: 2853928355812599892

3859 quixfox the Geomancer (level 10, -5/61 HPs)
             Began as a Gargoyle Earth Elementalist on July 18, 2022.
             Was a Follower of Vehumet.
             Slain by Erica
             ... wielding a +4 scimitar of flaming
              (6 damage)
             ... on level 8 of the Dungeon on July 19, 2022.
             The game lasted 01:08:24 (9203 turns).

quixfox the Geomancer (Gargoyle Earth Elementalist) Turns: 9203, Time: 01:08:24

Health: -5/61      AC: 15    Str: 12    XL:     10   Next: 18%
Magic:  20/20      EV: 14    Int: 20    God:    Vehumet [*.....]
Gold:   360        SH:  0    Dex: 18    Spells: 17/23 levels left

rFire   + . .      SeeInvis .   b - +3 whip (elec)
rCold   . . .      Faith    .   (no shield)
rNeg    + . .      Spirit   .   x - +2 robe {rF+}
rPois   ∞          Reflect  .   o - -1 helmet of the Depths {Regen+ Dex+2}
rElec   +          Harm     .   v - +1 cloak
rCorr   +          Rampage  .   (no gloves)
Will    .....                   u - +1 pair of boots
Stlth   +++.......              (no amulet)
HPRegen 1.00/turn               f - ring of resist corrosion
MPRegen 0.17/turn               z - +6 ring of dexterity

@: slowed, very slow
A: sickness immunity, AC +7, negative energy resistance 1, electricity
resistance, torment resistance 1, petrification resistance
a: Renounce Religion


You were on level 8 of the Dungeon.
You worshipped Vehumet.
Vehumet was aware of your devotion.
You visited 2 branches of the dungeon, and saw 9 of its levels.

You collected 457 gold pieces.
You spent 97 gold pieces at shops.

Inventory:

Hand Weapons
 a - the +4 sling of the Spectre {vorpal, rN+}
   (You found it on level 2 of the Dungeon)

   Any ammunition fired from it inflicts extra damage upon your enemies.
   rN:        It protects you from negative energy.
 b - a +3 whip of electrocution (weapon)
 y - a +7 mace
Missiles
 d - a throwing net
 s - 3 atropa-tipped darts
Armour
 o - the -1 helmet of the Depths (worn) {Regen+ Dex+2}
   (You found it on level 2 of the Dungeon)

   Dex:       It affects your dexterity (+2).
   Regen:     It increases your rate of health regeneration.
 u - a +1 pair of boots (worn)
 v - a +1 cloak (worn)
 x - a +2 robe of fire resistance (worn)
Jewellery
 f - a ring of resist corrosion (left hand)
 p - a ring of ice
 z - a +6 ring of dexterity (right hand)
Wands
 c - a wand of mindburst (13)
 n - a wand of flame (6)
 q - a wand of roots (3)
 w - a wand of acid (5)
Scrolls
 g - 7 scrolls of teleportation
 l - 3 scrolls of blinking
 r - a scroll of enchant weapon
 A - a scroll of amnesia
Potions
 e - 2 potions of magic
 i - 2 potions of ambrosia
 j - 2 potions of lignification
 k - 2 potions of might
 m - 3 potions of flight
 t - 2 potions of resistance


   Skills:
 + Level 6.6 Fighting
 + Level 0.9 Maces & Flails
 + Level 4.3 Dodging
 - Level 4.9 Stealth
 + Level 7.0 Spellcasting
 + Level 6.0 Conjurations
 - Level 0.7 Transmutations
 + Level 8.4 Earth Magic
 + Level 1.0 Evocations


You had 17 spell levels left.
You knew the following spells:

 Your Spells              Type           Power      Damage    Failure   Level
a - Sandblast             Erth           80%        2d17      1%          1
b - Stone Arrow           Conj/Erth      70%        3d11      1%          3
c - Passwall              Tmut/Erth      20%        N/A       2%          2

Your spell library contained the following spells:

 Spells                   Type           Power      Damage    Failure   Level
 Freeze                   Ice            28%        1d5       10%         1
 Petrify                  Tmut/Erth      25%        N/A       14%         4


Dungeon Overview and Level Annotations

Branches:
Dungeon (8/15)             Temple (1/1) D:7
   Lair: D:8-11

Altars:
Cheibriados
Dithmenos
Fedhas
Gozag
Kikubaaqudgha
Nemelex Xobeh
Ru
Sif Muna
Vehumet
Lugonu

Shops:
D:4 *

Annotations:
D:8 Erica


Innate Abilities, Weirdness & Mutations

You are immune to sickness and miasma.
Your stone body is resilient. (AC +7)
You are immune to poison.
You resist negative energy. (rN+)
You are resistant to electric shocks. (rElec)
You are resistant to unholy torment.
You are immune to petrification.


Message History

Erica closely misses you.
You bump into the rock wall.
Erica points at you and mumbles some strange words.
You are more confused.
You bump into the rock wall.
Erica casts a spell.
Erica flickers and vanishes!
Deactivating autopickup; reactivate with Ctrl-A.
Something hits you! Something burns you. Something hits you but does no damage.
You hear some strange, mumbled words.
A bolt of poison appears from out of thin air!
The bolt of poison misses you. Something barely misses you. Something hits you.
There is a stone staircase leading up here.
You bump into the rock wall.
Something hits you.
You bump into the rock wall.
Something hits you! Something burns you. Something hits you!
Something burns you.
You completely miss something.
You feel less confused.
You hear some strange, mumbled words.
You feel as though you will be slow longer.
You hit something. Something hits you. Something burns you.
You hear some strange, mumbled words.
You feel as though you will be slow longer.
You closely miss something. Something hits you but does no damage.
You barely miss something. Something hits you!
* * * LOW HITPOINT WARNING * * *
Something burns you.
* * * LOW HITPOINT WARNING * * *
You hear some strange, mumbled words.
A bolt of poison appears from out of thin air!
The bolt of poison hits you but does no damage.
You resist.
You hit something. Lightning courses through something! Something hits you!
* * * LOW HITPOINT WARNING * * *
Something burns you.
* * * LOW HITPOINT WARNING * * *
Something hits you.
You die...

##################..#
#..........))..)....#
#[##############.####
#.#.............##
#...##########.##
#.#.########...#
#.#........).#.#
#.###.######{#.#
#.##........@#.#
#.##.##.####.#.#
#.##.###.###.#.#
#.##.........#.#
#.#..........#.#
#.############.#
#..............#
################


There were no monsters in sight!

Vanquished Creatures
  Pikel (D:6)
  Joseph (D:8)
  Grinder (D:5)
  Prince Ribbit (D:6)
  Sigmund (D:6)
  2 water moccasins
  An orc warrior (D:7)
  An ice beast (D:5)
  3 ogres
  A sky beast (D:6)
  A centaur (D:5)
  A lemure (D:6)
  A phantom (D:6)
  2 kobold brigands
  Blork the orc (D:6)
  A necrophage (D:6)
  2 bullfrogs
  A gnoll sergeant (D:8)
  3 scorpions
  3 wights (D:7)
  A howler monkey (D:6)
  3 orc priests
  A gnoll bouda (D:5)
  3 hounds
  Jessica (D:3)
  3 iguanas
  7 orc wizards
  17 gnolls
  7 adders
  2 white imps (D:7)
  An ufetubus (D:7)
  3 worms (D:3)
  2 dart slugs
  27 orcs
  7 ball pythons
  5 bats
  3 endoplasms
  A giant cockroach (D:4)
  8 goblins
  6 hobgoblins
  6 quokkas
  3 frilled lizards
  13 kobolds
  3 rats
162 creatures vanquished.

Notes
Turn   | Place    | Note
-------+----------+-------------------------------------------
     0 | D:1      | quixfox the Gargoyle Earth Elementalist began the quest for
                  | the Orb.
     0 | D:1      | Reached XP level 1. HP: 10/10 MP: 3/3
   341 | D:1      | Reached skill level 4 in Earth Magic
   341 | D:1      | Reached XP level 2. HP: 15/15 MP: 1/5
  1278 | D:2      | Reached XP level 3. HP: 19/19 MP: 4/6
  1479 | D:2      | Identified the +4 sling of the Spectre {vorpal, rN+}
  1489 | D:2      | Identified the -1 helmet of the Depths {Regen+ Dex+2}
  1634 | D:2      | Reached XP level 4. HP: 24/24 MP: 6/8
  1693 | D:2      | Learned a level 3 spell: Stone Arrow
  1992 | D:3      | Found a snail-covered altar of Cheibriados.
  2001 | D:3      | Reached skill level 5 in Earth Magic
  2546 | D:3      | Reached skill level 1 in Conjurations
  2546 | D:3      | Reached XP level 5. HP: 28/28 MP: 5/10
  2814 | D:3      | Noticed Jessica
  2816 | D:3      | Killed Jessica
  3182 | D:3      | Reached XP level 6. HP: 32/32 MP: 6/11
  3647 | D:4      | Reached skill level 6 in Earth Magic
  3776 | D:4      | Found Fooluif's General Store.
  3784 | D:4      | Bought a scroll of blinking for 97 gold pieces
  3830 | D:4      | Found a faded altar of an unknown god.
  3830 | D:4      | Found a blossoming altar of Fedhas.
  3885 | D:4      | Found an opulent altar of Gozag.
  3888 | D:4      | Found an ancient bone altar of Kikubaaqudgha.
  3890 | D:4      | Found a shimmering blue altar of Sif Muna.
  4160 | D:5      | Entered Level 5 of the Dungeon
  4164 | D:5      | Noticed a water moccasin
  4187 | D:4      | Killed a water moccasin
  4188 | D:4      | Reached XP level 7. HP: 26/36 MP: 4/13
  4854 | D:5      | Reached skill level 5 in Spellcasting
  4854 | D:5      | Reached skill level 7 in Earth Magic
  4996 | D:5      | Reached XP level 8. HP: 30/41 MP: 8/15
  5271 | D:5      | Noticed Grinder
  5275 | D:5      | Killed Grinder
  5276 | D:5      | Reached skill level 5 in Conjurations
  5352 | D:5      | Upgraded the game from 0.29-a0-872-g797fff5ad1 to
                  | 0.29-a0-878-g7b45a56547
  5570 | D:5      | Reached skill level 8 in Earth Magic
  5777 | D:6      | Reached skill level 1 in Fighting
  5915 | D:6      | Noticed Sigmund
  5918 | D:6      | Killed Sigmund
  5919 | D:6      | Reached XP level 9. HP: 49/49 MP: 11/18
  6082 | D:6      | Noticed Pikel
  6098 | D:6      | HP: 1/49 [Pikel/+0 whip of flaming (3)]
  6106 | D:6      | Killed Pikel
  6369 | D:6      | Found a shadowy altar of Dithmenos.
  6409 | D:6      | Noticed Blork the orc
  6416 | D:6      | Killed Blork the orc
  6647 | D:6      | Reached skill level 5 in Fighting
  6720 | D:6      | Noticed Prince Ribbit
  6723 | D:6      | Killed Prince Ribbit
  7040 | D:7      | Found a staircase to the Ecumenical Temple.
  7046 | Temple   | Entered the Ecumenical Temple
  7062 | Temple   | Became a worshipper of Vehumet
  7790 | D:7      | Reached XP level 10. HP: 54/60 MP: 11/20
  8031 | D:7      | Found a sacrificial altar of Ru.
  8218 | D:7      | Reached * piety under Vehumet
  8218 | D:7      | Offered knowledge of Freeze by Vehumet.
  8262 | D:7      | Learned a level 2 spell: Passwall
  8667 | D:8      | Noticed Joseph
  8693 | D:8      | Killed Joseph
  8824 | D:8      | Reached skill level 1 in Evocations
  8937 | D:8      | Noticed Erica
  9203 | D:8      | HP: 3/61 [something (13)]
  9203 | D:8      | HP: 1/61 [something (2)]
  9203 | D:8      | Slain by Erica

Illustrated notes

Levels and vault maps discovered:
D:1:      dpeg_arrival_arbitrary_a, layout_basic
D:2:      layout_basic
D:3:      layout_basic, slow_altar_1, corexii_leaking_fountain, uniq_jessica
D:4:      layout_cave_pools, chequers_temple_overflow_minitemple,
          minmay_shop_grid_forest
D:5:      layout_loops_corners, uniq_grinder
D:6:      layout_loops_cross, mainiacjoe_overflow_six_doors_small,
          uniq_blork_the_orc, uniq_prince_ribbit1, uniq_sigmund, uniq_pikel
D:7:      layout_basic, nicolae_ru_sacrificial_ziggurat,
          minmay_temple_entry_hall
D:8:      layout_basic, overflow_temple_1_default, trog_wizard,
          mainiacjoe_overflow_large_starburst, uniq_joseph, uniq_erica
Temple:   kb_corrupted_temple

Skill      XL: |  1  2  3  4  5  6  7  8  9 10 |
---------------+-------------------------------+-----
Earth Magic    | 4 5 6 7 8 |  8.4
Spellcasting   | 3 4 5 6 7 |  7.0
Conjurations   | 1 2 3 4 5 6 |  6.0
Fighting       | 2 6 |  6.6
Dodging        | 2 4 |  4.3
Stealth        | 4 |  4.9
Evocations     | 1 |  1.0
Maces & Flails | |  0.9
Transmutations | |  0.7

Action                   |  1- 3 |  4- 6 |  7- 9 | 10-12 || total
-------------------------+-------+-------+-------+-------++-------
Melee: Dagger            |     5 |     5 |       |       ||    10
       Sling             |       |     1 |       |       ||     1
       Whip              |       |       |    14 |    22 ||    36
       Punch             |       |       |     3 |     1 ||     4
 Fire: Sling             |     2 |    38 |    50 |    20 ||   110
 Cast: Sandblast         |    38 |    98 |    48 |    16 ||   200
       Stone Arrow       |       |     1 |    61 |    18 ||    80
  Use: Scroll            |       |     4 |     8 |     1 ||    13
       Potion            |       |       |     4 |     3 ||     7
 Stab: Sleeping          |     2 |       |       |       ||     2
Armor: Robe              |    11 |    25 |    43 |    34 ||   113
Dodge: Dodged            |    14 |    73 |    50 |    23 ||   160

Table legend: (Time is in decaauts)
 A = Elapsed time spent in this place.
 B = Non-inter-level travel time spent in this place.
 C = Inter-level travel time spent in this place.
 D = Time resting spent in this place.
 E = Time spent auto-exploring this place.
 F = Levels seen in this place.
 G = Mean time per level.
                   A        B        C        D        E       F      G
               +--------+--------+--------+--------+--------+-----+--------+
         Total |   9521 |   9261 |    260 |   2612 |   2028 |   9 | 1057.9 |
       Dungeon |   9488 |   9228 |    260 |   2612 |   2028 |   8 | 1186.0 |
        Temple |     32 |     32 |      0 |      0 |      0 |   1 |   32.0 |
               +--------+--------+--------+--------+--------+-----+--------+

Top non-repeatable levels by time:
     D:7: 1648 daAuts
     D:5: 1487 daAuts
     D:1: 1279 daAuts
     D:3: 1245 daAuts
     D:6: 1245 daAuts
     D:4: 1045 daAuts
     D:2: 963 daAuts
     D:8: 574 daAuts
  Temple: 32 daAuts
